Map: Submarine LE

Players

FLORENCIO - Winner!

  • Race: Zerg Zerg
  • League: Platinum
  • Spawn Location: 11:00

Proceed

  • Race: Protoss Protoss
  • League: Platinum
  • Spawn Location: 5:00

VOD

Have the link to the VOD?

Description

Time

  • Played on: Feb. 22, 2021, 4:13 p.m.
  • Length: 5:08
Show
View Real Time Build Order
Export as new Build Order

FLORENCIO Zerg - Winner!

Build Orders: Pool First 

Get SALT Encoding   

  12  0:17  Spawning Pool  
  11  0:22  Drone  
  11  0:27  Drone  
  13  0:31  Drone  
  14  0:48  Overlord  
  14  1:07  Zergling x6  
  17  1:14  Extractor  
  16  1:26  Zergling x2  
  16  1:31  Zergling x2  
  18  1:33  Queen  
  21  1:40  Zergling x2  
  20  2:11  Zergling x4  
  20  2:19  Hatchery  
  20  2:20  Zergling x2  
  19  2:23  Zergling x2  
  19  2:39  Zergling x2  
  19  2:50  Zergling x2  
  20  2:57  Zergling x2  
  20  3:07  Zergling x2  
  20  3:16  Zergling x2  
  21  3:32  Queen  
  21  3:33  Zergling x2  
  24  3:43  Zergling x2  
  24  3:46  Drone x2  
  24  3:56  Drone  
  25  4:02  Spine Crawler  
  25  4:04  Spine Crawler  
  25  4:07  Queen  
  25  4:11  Spine Crawler  
Show
View Real Time Build Order
Export as new Build Order

Proceed Protoss 

Build Orders:  

Get SALT Encoding   

  12  0:00  Probe  
  13  0:15  Pylon  
  13  0:18  Probe  
  14  0:30  Probe (Chrono Boost)  
  15  0:41  Gateway, Probe (Chrono Boost)  
  16  0:47  Probe (Chrono Boost), Assimilator  
  17  0:59  Probe  
  19  1:11  Probe  
  19  1:23  Probe  
  20  1:31  Cybernetics Core  
  20  1:34  Pylon  
  20  1:35  Probe, Zealot (Chrono Boost)  
  23  1:43  Pylon  
  23  1:52  Pylon, Probe  
  24  2:01  Zealot (Chrono Boost)  
  20  2:50  Zealot  
  22  2:54  Probe  
  23  3:07  Probe  
  24  3:19  Probe  
  25  3:25  Zealot (Chrono Boost)  
  27  3:31  Gateway, Probe  
  28  3:41  Shield Battery  
  28  3:45  Shield Battery  
Tags
 
Add a new tag
Caveats
  • Supply blocks, unpowered buildings, or Contaminate may cause inaccurate times.
  • Supply counts are checked every 10 seconds.